Map: 凯罗斯中转站-天梯版

Players

StriKE

  • Race: Terran Terran
  • League: Grandmaster

SouLeer - Winner!

  • Race: Zerg Zerg
  • League: Master

Event: WESG 2018 Grand Finals

VOD

Have the link to the VOD?

Description

Time

  • Played on: March 11, 2019, 7:08 a.m.
  • Length: 14:23

All games in this series

Show
View Real Time Build Order
Export as new Build Order

StriKE Terran 

Build Orders: Command Center First (CC) 

Get SALT Encoding   

  12  0:00  SCV  
  13  0:12  SCV  
  14  0:16  Supply Depot  
  14  0:24  SCV  
  15  0:38  SCV  
  16  0:50  SCV  
  17  1:00  Command Center  
  17  1:04  SCV  
  18  1:14  Barracks  
  18  1:17  SCV  
  19  1:23  Refinery  
  19  1:27  Refinery  
  19  1:31  SCV  
  20  1:43  SCV  
  21  2:01  Orbital Command, Marine  
  22  2:16  Factory  
  22  2:17  Orbital Command  
  22  2:22  Marine  
  21  2:27  SCV  
  23  2:36  Supply Depot  
  23  2:43  SCV x2  
  23  3:02  Hellion  
  24  3:10  SCV  
  25  3:15  SCV  
  26  3:22  SCV  
  27  3:31  Barracks Reactor, Hellion  
  27  3:33  SCV  
  30  3:35  SCV  
  31  3:46  Command Center  
  31  3:50  SCV  
  31  3:53  SCV  
  33  4:01  Factory  
  33  4:02  Factory  
  33  4:05  SCV  
  34  4:10  Refinery  
  34  4:11  Refinery  
  34  4:12  SCV  
  35  4:17  SCV  
  35  4:21  Hellion x2  
  40  4:26  SCV  
  40  4:29  SCV  
  42  4:32  Supply Depot  
  42  4:34  Supply Depot  
  42  4:39  SCV  
  42  4:41  SCV  
  42  4:44  Factory Tech Lab  
  44  4:47  Factory Tech Lab  
  44  4:51  Hellion  
  46  4:53  Hellion  
  46  4:58  Supply Depot  
  46  4:59  SCV  
  49  5:04  Orbital Command  
  49  5:06  SCV  
  50  5:10  Cyclone  
  50  5:13  SCV  
  54  5:16  Cyclone  
  54  5:19  SCV  
  58  5:24  Mag-Field Accelerator  
  58  5:25  SCV  
  59  5:30  SCV  
  59  5:31  SCV  
  61  5:37  SCV  
  61  5:41  Infernal Pre-Igniter  
  55  5:43  Hellion  
  55  5:55  SCV x2  
  56  6:00  SCV  
  57  6:07  SCV  
  57  6:08  Cyclone  
  57  6:09  Hellion  
  63  6:18  SCV x2  
  65  6:22  SCV  
  66  6:26  Cyclone  
  66  6:30  SCV x2  
  71  6:34  Hellion x2  
  71  6:35  Supply Depot  
  75  6:44  SCV x2  
  77  6:51  Supply Depot  
  77  6:56  Hellion x2  
  77  6:58  SCV x2  
  83  7:02  Armory, Orbital Command  
  83  7:03  Armory  
  83  7:10  SCV x2  
  83  7:13  Cyclone, Hellion  
  90  7:16  Refinery  
  90  7:22  SCV  
  84  7:38  Cyclone, Hellion  
  84  7:39  Hellion, SCV  
  84  7:40  SCV  
  85  7:45  Cyclone  
  85  7:48  SCV  
  82  7:52  Refinery, SCV x2  
  82  7:56  Factory  
  82  7:57  Factory  
  80  8:00  Hellion x2  
  84  8:07  SCV x3  
  84  8:10  Hellion  
  89  8:15  Terran Vehicle Weapons Level 1, Terran Vehicle And Ship Armor Level 1  
  89  8:17  Hellion  
  91  8:25  Hellion  
  93  8:29  Hellion  
  93  8:31  Cyclone  
  93  8:32  Supply Depot, SCV x2  
  93  8:33  Supply Depot  
  100  8:37  SCV  
  101  8:44  SCV  
  101  8:45  Cyclone  
  101  8:48  SCV  
  96  8:49  SCV  
  96  8:52  Factory Tech Lab, Factory Reactor  
  96  8:53  Supply Depot x2  
  97  8:56  Supply Depot  
  97  8:58  Supply Depot  
  97  9:03  Engineering Bay  
  97  9:04  Cyclone, Hellion x2  
  100  9:17  Cyclone  
  100  9:19  Cyclone  
  95  9:25  Hellion x2  
  95  9:26  SCV x3  
  101  9:35  Sensor Tower  
  101  9:36  Hellion  
  101  9:38  SCV x3  
  104  9:42  Hellion x2  
  110  9:47  Hellion  
  110  9:49  Cyclone  
  110  9:50  SCV x2  
  107  10:04  Hellion x4  
  107  10:05  Hellion  
  117  10:08  Hellion, SCV x2  
  117  10:09  SCV  
  122  10:14  Supply Depot  
  122  10:17  Terran Vehicle Weapons Level 2  
  122  10:20  Terran Vehicle And Ship Armor Level 2  
  122  10:21  Cyclone  
  122  10:26  Cyclone  
  122  10:27  Supply Depot  
  128  10:34  SCV x3  
  120  10:41  Cyclone, Hellion  
  120  10:42  Hellion  
  110  10:46  SCV x3  
  110  10:54  Hellion x2  
  110  10:56  Cyclone  
  117  10:58  Cyclone  
  120  11:10  Hellion x2  
  124  11:11  SCV  
  124  11:12  SCV  
  124  11:13  Cyclone  
  129  11:23  Command Center  
  127  11:28  Cyclone  
  129  11:36  SCV  
  129  11:37  SCV  
  129  11:44  Supply Depot  
  129  11:53  Cyclone  
  136  11:54  Hellion x2  
  136  11:58  SCV  
  129  12:06  Hellion x2  
  133  12:11  Supply Depot x2  
  133  12:12  Supply Depot  
  133  12:26  Hellion  
  133  12:28  Hellion  
  133  12:29  Hellion  
  131  12:30  Cyclone  
  132  12:38  Hellion x3  
  130  12:47  Hellion  
  130  12:50  Hellion x2  
  113  12:59  Hellion  
  113  13:00  Cyclone x2  
  95  13:02  Hellion  
  95  13:08  Hellion  
Show
View Real Time Build Order
Export as new Build Order

SouLeer Zerg - Winner!

Build Orders: Pool First 

Get SALT Encoding   

  12  0:00  Drone  
  13  0:12  Overlord  
  13  0:16  Drone  
  14  0:31  Drone  
  14  0:32  Drone  
  16  0:40  Spawning Pool  
  15  0:44  Drone  
  15  0:48  Drone  
  17  1:01  Extractor  
  16  1:12  Hatchery  
  16  1:15  Drone  
  16  1:27  Zergling x2  
  16  1:28  Zergling x4  
  19  1:37  Queen  
  21  1:41  Drone  
  22  1:57  Overlord  
  22  2:15  Drone x2  
  24  2:16  Metabolic Boost  
  24  2:22  Drone  
  25  2:25  Drone  
  26  2:33  Drone  
  27  2:38  Drone  
  28  2:44  Queen  
  28  2:47  Drone x2  
  28  2:48  Drone x3  
  33  3:04  Hatchery  
  33  3:05  Drone  
  33  3:13  Queen  
  33  3:16  Drone  
  33  3:19  Overlord  
  36  3:21  Overlord  
  35  3:35  Zergling x2  
  35  3:38  Drone x3  
  35  3:39  Zergling x2  
  40  3:43  Zergling x2  
  40  3:44  Zergling x2  
  42  3:49  Queen  
  42  3:54  Zergling x8  
  48  4:03  Overlord  
  48  4:06  Zergling x2  
  49  4:10  Baneling Nest  
  49  4:16  Zergling x6  
  51  4:19  Queen  
  51  4:21  Drone x3  
  51  4:23  Queen  
  58  4:26  Drone x3  
  58  4:28  Drone  
  62  4:33  Drone x2  
  64  4:38  Drone  
  64  4:40  Drone  
  64  4:41  Overlord  
  66  4:50  Spore Crawler x2  
  66  4:52  Overlord, Spore Crawler  
  63  4:53  Drone x2  
  63  4:59  Drone  
  66  5:00  Lair  
  66  5:04  Evolution Chamber, Drone  
  66  5:08  Drone x2  
  66  5:10  Drone  
  66  5:13  Drone x2  
  71  5:18  Overlord  
  71  5:20  Extractor  
  70  5:22  Drone x3  
  70  5:24  Overlord  
  70  5:28  Drone x2  
  75  5:31  Zerg Melee Weapons Level 1  
  75  5:35  Zergling x8  
  79  5:39  Zergling x6  
  79  5:41  Zergling x4  
  84  5:46  Extractor  
  79  5:51  Overlord  
  79  5:54  Zergling x4  
  79  5:55  Zergling x2  
  78  5:59  Evolution Chamber  
  78  6:00  Queen  
  78  6:03  Zergling x4  
  78  6:04  Zergling x2  
  82  6:05  Queen  
  84  6:12  Zergling x6  
  87  6:19  Overlord, Hatchery  
  87  6:20  Drone  
  87  6:23  Centrifical Hooks  
  87  6:24  Hydralisk Den  
  86  6:25  Drone  
  86  6:27  Drone  
  86  6:29  Drone  
  86  6:30  Drone x4  
  86  6:31  Drone  
  94  6:37  Zergling x8  
  94  6:39  Zergling x2  
  91  6:42  Drone x2  
  93  6:49  Extractor  
  91  6:55  Zergling x4  
  91  6:56  Zergling x2  
  91  7:00  Hydralisk  
  91  7:01  Grooved Spines, Hydralisk x3  
  89  7:05  Hydralisk  
  97  7:10  Drone x3  
  97  7:11  Hydralisk  
  97  7:14  Zergling x6  
  105  7:21  Overlord x2  
  105  7:29  Hydralisk x2  
  80  7:38  Hydralisk  
  80  7:41  Hydralisk  
  78  7:48  Zergling x8  
  78  7:49  Zergling x10  
  80  7:51  Zergling x2  
  80  7:57  Zergling x10  
  80  7:58  Zergling x8  
  87  8:04  Drone x3  
  90  8:06  Overseer  
  90  8:14  Drone x3  
  90  8:19  Hydralisk x3  
  93  8:21  Hydralisk x2  
  93  8:22  Hydralisk  
  105  8:28  Drone x3, Extractor  
  105  8:29  Drone x3  
  110  8:34  Hydralisk  
  110  8:35  Hydralisk  
  112  8:42  Zergling x4  
  112  8:43  Zergling x4  
  112  8:45  Hydralisk x2  
  114  8:50  Hydralisk  
  114  8:53  Zergling x6  
  119  8:57  Extractor  
  119  8:58  Zergling x2  
  119  9:00  Baneling x4  
  119  9:04  Overlord  
  119  9:13  Hydralisk x3  
  119  9:16  Overlord  
  117  9:17  Hydralisk  
  117  9:19  Zergling x12  
  117  9:22  Baneling x4  
  113  9:25  Zergling x4  
  113  9:27  Baneling x2  
  113  9:28  Baneling  
  113  9:31  Hydralisk  
  114  9:34  Drone x4  
  114  9:38  Hydralisk  
  120  9:41  Hydralisk  
  120  9:44  Drone x3  
  127  9:47  Baneling x3  
  127  9:48  Hydralisk  
  129  9:55  Hydralisk x2  
  123  10:01  Muscular Augments  
  123  10:05  Baneling x4  
  123  10:07  Baneling  
  123  10:10  Drone x2  
  123  10:12  Hydralisk x2  
  129  10:15  Zergling x12  
  129  10:16  Zergling x2  
  136  10:24  Overlord x3  
  136  10:32  Overlord  
  119  10:45  Zergling x24  
  119  10:46  Zergling x12  
  137  10:58  Hydralisk x2  
  137  10:59  Hydralisk  
  143  11:04  Baneling  
  143  11:05  Baneling x8  
  143  11:10  Baneling x7  
  143  11:11  Baneling x3  
  143  11:12  Hydralisk  
  143  11:13  Hatchery  
  144  11:19  Hydralisk x2  
  144  11:20  Hydralisk  
  150  11:26  Overlord  
  150  11:27  Overlord x2  
  150  11:28  Overlord  
  150  11:32  Hydralisk x2  
  152  11:35  Zergling x4  
  151  11:45  Overlord  
  151  11:50  Hydralisk x7  
  163  11:57  Hydralisk x3  
  157  12:01  Zergling x8  
  159  12:10  Baneling x16  
  159  12:12  Zergling x4  
  161  12:16  Baneling x4  
  161  12:18  Zergling x4  
  161  12:19  Zergling x4  
  161  12:20  Zergling x2  
  166  12:24  Zergling x8  
  167  12:32  Hydralisk x4  
  172  12:37  Hydralisk  
  172  12:38  Hydralisk  
  163  12:45  Zergling x12  
  163  12:46  Zergling x4  
  163  12:48  Hydralisk  
  158  12:53  Hydralisk x2  
  156  13:01  Hydralisk x4  
Tags
 
Add a new tag
Caveats
  • Supply blocks, unpowered buildings, or Contaminate may cause inaccurate times.
  • Supply counts are checked every 10 seconds.